SA
WASHINGTON GENERALS @ PONTIAC GODFATHERS
06/30/2042
 
TOP OF THE 1ST
Washington Generals batting - Pitching for Pontiac Godfathers : RHP Laurent Schweitzer
Pitching: RHP Laurent Schweitzer
Batting: RHB Xavier Hutchesson 0-0: Ground out 5-3 (Groundball, 56S, EV 85.0 MPH)
Batting: RHB Asko Huhtamo 0-0: Foul Ball, location: 2F
0-1: SINGLE (Line Drive, 8LS, EV 103.8 MPH)
Batting: RHB Kuniyoshi Kodo 0-0: Called Strike
0-1: Ball
1-1: Fly out, F8 (Flyball, 8LD, EV 90.6 MPH)
Batting: LHB Gabriel Gonzáles 0-0: Ball
1-0: Called Strike
1-1: Foul Ball, location: 2F
1-2: Fly out, F9 (Flyball, 9LS, EV 81.2 MPH)
Top of the 1st over - 0 runs, 1 hit, 0 errors, 1 left on base; Washington 0 - Pontiac 0
BOTTOM OF THE 1ST
Pontiac Godfathers batting - Pitching for Washington Generals : RHP Bill Slaughter
Pitching: RHP Bill Slaughter
Batting: RHB Gary Bly 0-0: Ball
1-0: Foul Ball, location: 2F
1-1: Foul Ball, location: 2F
1-2: Ball
2-2: Ground out 4-3 (Groundball, 4, EV 82.5 MPH)
Batting: RHB José Rivera 0-0: Fly out, F7 (Flyball, 78D, EV 107.5 MPH)
Batting: SHB Mark Thomas 0-0: Called Strike
0-1: Fly out, F7 (Flyball, 7LSF, EV 92.5 MPH)
Bottom of the 1st over - 0 runs, 0 hits, 0 errors, 0 left on base; Washington 0 - Pontiac 0
TOP OF THE 2ND
Washington Generals batting - Pitching for Pontiac Godfathers : RHP Laurent Schweitzer
Batting: RHB Augusto Manito 0-0: Ground out U3 (Groundball, 34, EV 92.5 MPH)
Batting: LHB Armando García 0-0: Ball
1-0: Ball
2-0: Ball
3-0: Called Strike
3-1: Ground out 6-3 (Groundball, 6, EV 101.9 MPH)
Batting: RHB Mo Westoby 0-0: Called Strike
0-1: Ball
1-1: Ball
2-1: Ground out 6-3 (Groundball, 6, EV 87.5 MPH)
Top of the 2nd over - 0 runs, 0 hits, 0 errors, 0 left on base; Washington 0 - Pontiac 0
BOTTOM OF THE 2ND
Pontiac Godfathers batting - Pitching for Washington Generals : RHP Bill Slaughter
Batting: LHB Brad Dyer 0-0: Foul Ball, location: 2F
0-1: Ground out 1-3 (Groundball, 34S, EV 92.5 MPH)
Batting: RHB Nathan Bram 0-0: Swinging Strike
0-1: Ball
1-1: Foul Ball, location: 2F
1-2: Foul Ball, location: 2F
1-2: Ball
2-2: Foul Ball, location: 2F
2-2: Ball
3-2: Strikes out swinging
Batting: LHB Nathaniel Gordon 0-0: Foul Ball, location: 2F
0-1: Swinging Strike
0-2: Ball
1-2: Strikes out looking
Bottom of the 2nd over - 0 runs, 0 hits, 0 errors, 0 left on base; Washington 0 - Pontiac 0
TOP OF THE 3RD
Washington Generals batting - Pitching for Pontiac Godfathers : RHP Laurent Schweitzer
Batting: RHB Paul Marchand 0-0: Called Strike
0-1: Ball
1-1: Swinging Strike
1-2: Strikes out swinging
Batting: RHB Roberto Suárez 0-0: Foul Ball, location: 2F
0-1: Fly out, F8 (Line Drive, 8LM, EV 107.5 MPH)
Batting: RHB Xavier Hutchesson 0-0: Ball
1-0: Called Strike
1-1: Ball
2-1: Ball
3-1: Foul Ball, location: 2F
3-2: Foul Ball, location: 2F
3-2: Base on Balls
Batting: RHB Asko Huhtamo 0-0: Foul Ball, location: 2F
0-1: Foul Ball, location: 2F
0-2: Ball
Xavier Hutchesson is caught stealing 2nd base 2-4
Top of the 3rd over - 0 runs, 0 hits, 0 errors, 0 left on base; Washington 0 - Pontiac 0
BOTTOM OF THE 3RD
Pontiac Godfathers batting - Pitching for Washington Generals : RHP Bill Slaughter
Batting: RHB John Williams 0-0: Ground out 4-3 (Groundball, 4S, EV 83.8 MPH)
Batting: RHB Rich Pope 0-0: Ball
1-0: Called Strike
1-1: Ball
2-1: Swinging Strike
2-2: Foul Ball, location: 2F
2-2: Fly out, F9 (Flyball, 9LSF, EV 88.8 MPH)
Batting: RHB Santiago Tirado 0-0: Swinging Strike
0-1: Ball
1-1: Ball
2-1: Foul Ball, location: 2F
2-2: Ball
3-2: Ground out 5-3 (Groundball, 56, EV 106.2 MPH)
Bottom of the 3rd over - 0 runs, 0 hits, 0 errors, 0 left on base; Washington 0 - Pontiac 0
TOP OF THE 4TH
Washington Generals batting - Pitching for Pontiac Godfathers : RHP Laurent Schweitzer
Batting: RHB Asko Huhtamo 0-0: Ball
1-0: Fly out, F8 (Line Drive, 8RD, EV 92.5 MPH)
Batting: RHB Kuniyoshi Kodo 0-0: Ground out U3 (Groundball, 3, EV 79.4 MPH)
Batting: LHB Gabriel Gonzáles 0-0: Ball
1-0: Foul Ball, location: 2F
1-1: Called Strike
1-2: Ground out U3 (Groundball, 3, EV 80.6 MPH)
Top of the 4th over - 0 runs, 0 hits, 0 errors, 0 left on base; Washington 0 - Pontiac 0
BOTTOM OF THE 4TH
Pontiac Godfathers batting - Pitching for Washington Generals : RHP Bill Slaughter
Batting: RHB Gary Bly 0-0: Ball
1-0: Ground out 4-3 (Groundball, 4M, EV 85.0 MPH)
Batting: RHB José Rivera 0-0: Fly out, F7 (Flyball, 78S, EV 77.5 MPH)
Batting: SHB Mark Thomas 0-0: Called Strike
0-1: Ball
1-1: Foul Ball, location: 2F
1-2: Foul Ball, location: 2F
1-2: Foul Ball, location: 2F
1-2: Strikes out swinging
Bottom of the 4th over - 0 runs, 0 hits, 0 errors, 0 left on base; Washington 0 - Pontiac 0
TOP OF THE 5TH
Washington Generals batting - Pitching for Pontiac Godfathers : RHP Laurent Schweitzer
Batting: RHB Augusto Manito 0-0: Called Strike
0-1: Ball
1-1: Foul Ball, location: 2F
1-2: Ground out 5-3 (Groundball, 56S, EV 83.1 MPH)
Batting: LHB Armando García 0-0: Ball
1-0: Fly out, F9 (Flyball, 89M, EV 85.6 MPH)
Batting: RHB Mo Westoby 0-0: Foul Ball, location: 2F
0-1: Foul Ball, location: 2F
0-2: Ball
1-2: Strikes out swinging
Top of the 5th over - 0 runs, 0 hits, 0 errors, 0 left on base; Washington 0 - Pontiac 0
BOTTOM OF THE 5TH
Pontiac Godfathers batting - Pitching for Washington Generals : RHP Bill Slaughter
Batting: LHB Brad Dyer 0-0: Ball
1-0: Foul Ball, location: 2F
1-1: Ball
2-1: Swinging Strike
2-2: Strikes out swinging
Batting: RHB Nathan Bram 0-0: Called Strike
0-1: Ground out 5-3 (Groundball, 56, EV 93.1 MPH)
Batting: LHB Nathaniel Gordon 0-0: Foul Ball, location: 2F
0-1: Foul Ball, location: 2F
0-2: Fly out, F8 (Flyball, 8LD, EV 101.9 MPH)
Bottom of the 5th over - 0 runs, 0 hits, 0 errors, 0 left on base; Washington 0 - Pontiac 0
TOP OF THE 6TH
Washington Generals batting - Pitching for Pontiac Godfathers : RHP Laurent Schweitzer
Batting: RHB Paul Marchand 0-0: Foul Ball, location: 2F
0-1: Swinging Strike
0-2: Ball
1-2: Ball
2-2: Foul Ball, location: 2F
2-2: Foul Ball, location: 2F
2-2: Ball
3-2: Strikes out swinging
Batting: RHB Roberto Suárez 0-0: Ball
1-0: Ball
2-0: Ball
3-0: Base on Balls
Batting: RHB Xavier Hutchesson 0-0: Ball
1-0: SINGLE (Line Drive, 9S, EV 95.6 MPH)
Roberto Suárez to second
Batting: RHB Asko Huhtamo 0-0: Called Strike
0-1: Called Strike
0-2: Ball
1-2: Foul Ball, location: 2F
1-2: Foul Ball, location: 2F
1-2: Ground out 4-3 (Groundball, 4MS, EV 70.0 MPH)
Roberto Suárez to third
Xavier Hutchesson to second
Batting: RHB Kuniyoshi Kodo 0-0: Called Strike
0-1: Foul Ball, location: 2F
0-2: SINGLE (Groundball, 6D, EV 105.6 MPH)
Roberto Suárez scores
Xavier Hutchesson to third
Runner from 3rd tries for Home, SAFE, no throw by CF
Batting: LHB Gabriel Gonzáles 0-0: Ball
1-0: Called Strike
1-1: Ball
2-1: Ball
3-1: Fly out, F9 (Flyball, 9D, EV 102.5 MPH)
Top of the 6th over - 2 runs, 2 hits, 0 errors, 1 left on base; Washington 2 - Pontiac 0
BOTTOM OF THE 6TH
Pontiac Godfathers batting - Pitching for Washington Generals : RHP Bill Slaughter
Batting: RHB John Williams 0-0: Ground out 6-3 (Groundball, 56, EV 107.5 MPH)
Batting: RHB Rich Pope 0-0: Swinging Strike
0-1: Ball
1-1: Called Strike
1-2: Strikes out looking
Batting: RHB Santiago Tirado 0-0: Ball
1-0: Ball
2-0: Ball
3-0: Called Strike
3-1: Ground out 5-3 (Groundball, 5, EV 82.5 MPH)
Bottom of the 6th over - 0 runs, 0 hits, 0 errors, 0 left on base; Washington 2 - Pontiac 0
TOP OF THE 7TH
Washington Generals batting - Pitching for Pontiac Godfathers : RHP Laurent Schweitzer
Batting: RHB Augusto Manito 0-0: Foul Ball, location: 2F
0-1: SINGLE (Line Drive, 89S, EV 94.4 MPH)
Batting: LHB Armando García 0-0: Sac Bunt to 23 - play at first, batter OUT! 3-4
Augusto Manito to second
Batting: RHB Mo Westoby 0-0: TRIPLE (Line Drive, 89XD, EV 110.0 MPH)
Augusto Manito scores
Batting: RHB Paul Marchand 0-0: Ball
1-0: Ball
2-0: Foul Ball, location: 2F
2-1: Swinging Strike
2-2: Foul Ball, location: 2F
2-2: Strikes out looking
Batting: RHB Roberto Suárez 0-0: Ball
1-0: Foul Ball, location: 2F
1-1: SINGLE (Line Drive, 9S, EV 109.4 MPH)
Mo Westoby scores
Batting: RHB Xavier Hutchesson 0-0: Ball
1-0: Called Strike
1-1: Ball
2-1: Swinging Strike
2-2: SINGLE (Groundball, 6MD, EV 104.4 MPH)
Roberto Suárez to second
Batting: RHB Asko Huhtamo 0-0: SINGLE (Groundball, 6MD, EV 107.5 MPH)
Roberto Suárez to third
Xavier Hutchesson to second
Runner from 3rd tries for Home, SAFE, throw by CF to home
Pitching: LHP Les Wright
Batting: RHB Kuniyoshi Kodo 0-0: Called Strike
0-1: Ball
1-1: Foul Ball, location: 2F
1-2: Strikes out looking
Top of the 7th over - 3 runs, 5 hits, 0 errors, 2 left on base; Washington 5 - Pontiac 0
BOTTOM OF THE 7TH
Pontiac Godfathers batting - Pitching for Washington Generals : RHP Bill Slaughter
Batting: RHB Gary Bly 0-0: Ball
1-0: Swinging Strike
1-1: Foul Ball, location: 2F
1-2: Foul Ball, location: 2F
1-2: Ball
2-2: Ground out 1-3 (Groundball, 34S, EV 87.5 MPH)
Batting: RHB José Rivera 0-0: Ball
1-0: Ground out 6-3 (Groundball, 56, EV 97.5 MPH)
Batting: SHB Mark Thomas 0-0: Ground out U3 (Groundball, 3, EV 104.4 MPH)
Bottom of the 7th over - 0 runs, 0 hits, 0 errors, 0 left on base; Washington 5 - Pontiac 0
TOP OF THE 8TH
Washington Generals batting - Pitching for Pontiac Godfathers : LHP Les Wright
Batting: LHB Gabriel Gonzáles 0-0: Swinging Strike
0-1: Foul Ball, location: 2F
0-2: Strikes out swinging, 2-3 out at first.
Batting: RHB Augusto Manito 0-0: Called Strike
0-1: Swinging Strike
0-2: Ball
1-2: Ball
2-2: Ball
3-2: Strikes out swinging
Batting: LHB Armando García 0-0: Swinging Strike
0-1: Ball
1-1: Foul Ball, location: 2F
1-2: Strikes out swinging
Top of the 8th over - 0 runs, 0 hits, 0 errors, 0 left on base; Washington 5 - Pontiac 0
BOTTOM OF THE 8TH
Pontiac Godfathers batting - Pitching for Washington Generals : RHP Bill Slaughter
Batting: LHB Brad Dyer 0-0: Called Strike
0-1: Fly out, F6 (Popup, 6M, EV 75.0 MPH)
Batting: RHB Nathan Bram 0-0: Ball
1-0: Ball
2-0: Swinging Strike
2-1: Fly out, F9 (Flyball, 89M, EV 81.9 MPH)
Batting: LHB Nathaniel Gordon 0-0: Ball
1-0: Ball
2-0: Ball
3-0: Called Strike
3-1: Fly out, F7 (Flyball, 7LD, EV 109.4 MPH)
Bottom of the 8th over - 0 runs, 0 hits, 0 errors, 0 left on base; Washington 5 - Pontiac 0
TOP OF THE 9TH
Washington Generals batting - Pitching for Pontiac Godfathers : LHP Les Wright
Pitching: RHP Tony Wilson
Batting: RHB Mo Westoby 0-0: Called Strike
0-1: Ball
1-1: Swinging Strike
1-2: Strikes out swinging
Batting: RHB Paul Marchand 0-0: Ball
1-0: Swinging Strike
1-1: Called Strike
1-2: Foul Ball, location: 2F
1-2: Ball
2-2: Foul Ball, location: 2F
2-2: Ball
3-2: Base on Balls
Batting: RHB Roberto Suárez 0-0: Ball
Paul Marchand is caught stealing 2nd base 2-4
1-0: Foul Ball, location: 2F
1-1: SINGLE (Line Drive, 9S, EV 109.4 MPH)
Batting: RHB Xavier Hutchesson 0-0: Ball
1-0: Ground out 4-3 (Groundball, 4, EV 86.2 MPH)
Top of the 9th over - 0 runs, 1 hit, 0 errors, 1 left on base; Washington 5 - Pontiac 0
BOTTOM OF THE 9TH
Pontiac Godfathers batting - Pitching for Washington Generals : RHP Bill Slaughter
Batting: RHB John Williams 0-0: Foul Ball, location: 2F
0-1: Fly out, F8 (Flyball, 8RS, EV 88.1 MPH)
Batting: RHB Rich Pope 0-0: Ball
1-0: Ball
2-0: Called Strike
2-1: Foul Ball, location: 2F
2-2: Ball
3-2: Foul Ball, location: 2F
3-2: Foul Ball, location: 2F
3-2: SINGLE (Groundball, 4MD, EV 101.9 MPH)
Batting: RHB Santiago Tirado 0-0: Ball
1-0: Grounds into double play, 5-4-3 (Groundball, 56, EV 86.9 MPH)
Bottom of the 9th over - 0 runs, 1 hit, 0 errors, 0 left on base; Washington 5 - Pontiac 0
Friday, March 26th, 2021 - OOTP Baseball 20.8 Build 74